 Dungeon Crawl Stone Soup version 0.23-a0-8-gb809bb7 (webtiles) character file.

169 Amnesiac the Magician (level 5, -3/35 HPs)
             Began as a Mummy Wizard on Aug 1, 2018.
             Slain by an ogre
             ... wielding a +0 giant spiked club
              (28 damage)
             ... on level 4 of the Dungeon.
             The game lasted 00:06:24 (3593 turns).

Amnesiac the Magician (Mummy Wizard)                Turns: 3593, Time: 00:06:25

Health: -3/35      AC:  2    Str: 10    XL:     5   Next: 25%
Magic:  2/11       EV: 12    Int: 19    God:
Gold:   118        SH:  0    Dex: 10    Spells: 1/12 levels left

rFire    x . .     SeeInvis .   a - +1 dagger (venom)
rCold    + . .     Gourm    .   (no shield)
rNeg     + + +     Faith    .   e - +0 robe
rPois    ∞         Spirit   .   (no helmet)
rElec    .         Reflect  .   (no cloak)
rCorr    .         Harm     .   (no gloves)
MR       .....                  (no boots)
Stlth    +++.......             (no amulet)
HPRegen  0.11/turn              m - ring of stealth
MPRegen  0.12/turn              l - ring of wizardry

@: very slightly contaminated
A: no food or potions, fire vulnerability, cold resistance 1, negative energy
resistance 3, torment resistance, unbreathing
a: no special abilities


You were on level 4 of the Dungeon.
You were not hungry.

You visited 1 branch of the dungeon, and saw 4 of its levels.

You collected 118 gold pieces.

Inventory:

Hand Weapons
 a - a +1 dagger of venom (weapon)
 b - a +0 arbalest
Missiles
 d - 11 javelins (quivered)
 i - 44 bolts
 j - 28 sling bullets
Armour
 e - a +0 robe (worn)
 o - a +0 cloak
 p - a +0 buckler
Jewellery
 l - a ring of wizardry (right hand)
 m - a ring of stealth (left hand)
 n - an uncursed ring of resist corrosion
Wands
 g - a wand of random effects (26)
 k - a wand of acid (6)
Scrolls
 c - a scroll of immolation {!r, unknown}
 f - a scroll of teleportation {!r}
 h - 3 scrolls of remove curse {!r}


   Skills:
 + Level 2.8 Dodging
 - Level 1.5 Stealth
 - Level 4.0 Spellcasting
 * Level 3.5 Conjurations
 - Level 0.7 Summonings
 - Level 0.7 Translocations


You had one spell level left.
You knew the following spells:

 Your Spells              Type           Power        Failure   Level  Hunger
a - Magic Dart            Conj           ###.         1%          1    N/A
b - Call Imp              Summ           #.......     6%          2    N/A
e - Mephitic Cloud        Conj/Pois/Air  #.......     11%         3    N/A
s - Conjure Flame         Conj/Fire      ##......     9%          3    N/A
v - Blink                 Tloc           N/A          6%          2    N/A

Your spell library contained the following spells:

 Spells                   Type           Power        Failure   Level  Hunger
 Slow                     Hex            #.......     9%          2    N/A

Dungeon Overview and Level Annotations

Branches:
Dungeon (4/15)
 Temple: D:4-7

Altars:
Cheibriados
Nemelex Xobeh


Innate Abilities, Weirdness & Mutations

You do not eat or drink.
Your flesh is vulnerable to fire.
You are immune to poison.
Your flesh is cold resistant. (rC+)
You are immune to negative energy. (rN+++)
You are immune to unholy pain and torment.
You can survive without breathing.


Message History

There is a stone staircase leading up here.
Casting: Magic Dart (safe; 1% risk of failure)
Confirm with . or Enter, or press ? or * to list all spells.
Aiming: Magic Dart (safe; 1% risk of failure)
Press: ? - help, Shift-Dir - straight line, f - ogre
Aim: an ogre, wielding a giant spiked club (resting)
The magic dart hits the ogre.
The ogre is lightly wounded.
Casting: Magic Dart (safe; 1% risk of failure)
Confirm with . or Enter, or press ? or * to list all spells.
Aiming: Magic Dart (safe; 1% risk of failure)
Press: ? - help, Shift-Dir - straight line, f/p - ogre
Aim: an ogre, wielding a giant spiked club (lightly wounded)
You miscast Magic Dart.
You are very lightly contaminated with residual magic.
You are momentarily dazzled by a flash of light!
Casting: Magic Dart (safe; 1% risk of failure)
Confirm with . or Enter, or press ? or * to list all spells.
Aiming: Magic Dart (safe; 1% risk of failure)
Press: ? - help, Shift-Dir - straight line, f/p - ogre
Aim: an ogre, wielding a giant spiked club (lightly wounded)
The magic dart hits the ogre.
The ogre is lightly wounded.
Casting: Magic Dart (safe; 1% risk of failure)
Confirm with . or Enter, or press ? or * to list all spells.
Aiming: Magic Dart (safe; 1% risk of failure)
Press: ? - help, Shift-Dir - straight line, f/p - ogre
Aim: an ogre, wielding a giant spiked club (lightly wounded)
The magic dart hits the ogre.
The ogre is moderately wounded.
Casting: Magic Dart (safe; 1% risk of failure)
Confirm with . or Enter, or press ? or * to list all spells.
Aiming: Mephitic Cloud (safe; 11% risk of failure)
Press: ? - help, Shift-Dir - straight line, f/p - ogre
Aim: an ogre, wielding a giant spiked club (moderately wounded)
The ball explodes into a vile cloud!
The stinking cloud engulfs the ogre.
The ogre is moderately wounded.
The stinking cloud engulfs you!
The ogre is engulfed in noxious fumes.
The ogre hits you with a giant spiked club!
Casting: Mephitic Cloud (safe; 11% risk of failure)
Confirm with . or Enter, or press ? or * to list all spells.
Aiming: Magic Dart (safe; 1% risk of failure)
Press: ? - help, Shift-Dir - straight line, f/p - ogre
Aim: an ogre, wielding a giant spiked club (noxious fumes, moderately wounded)
The magic dart hits the ogre.
The ogre is heavily wounded.
Casting: Magic Dart (safe; 1% risk of failure)
Confirm with . or Enter, or press ? or * to list all spells.
Aiming: Magic Dart (safe; 1% risk of failure)
Press: ? - help, Shift-Dir - straight line, f/p - ogre
Aim: an ogre, wielding a giant spiked club (heavily wounded)
The magic dart hits the ogre.
The ogre is heavily wounded.
The ogre misses you.
Casting: Magic Dart (safe; 1% risk of failure)
Confirm with . or Enter, or press ? or * to list all spells.
Aiming: Magic Dart (safe; 1% risk of failure)
Press: ? - help, Shift-Dir - straight line, f/p - ogre
Aim: an ogre, wielding a giant spiked club (heavily wounded)
The magic dart hits the ogre.
The ogre is severely wounded.
The ogre hits you with a giant spiked club!!
Ouch! That really hurt!
You die...

...........=#
............#
............###
..............
............#
......§....#
......§O§..#
.......@...#
...........#
...........#
.....#####.#
##### .# . #


You could see an ogre.

Vanquished Creatures
  A hound (D:3)
  An orc wizard (D:2)
  2 adders
  2 oozes (D:3)
  2 worms (D:2)
  A dart slug (D:2)
  4 orcs (D:3)
  16 bats
  8 giant cockroaches
  10 goblins
  5 hobgoblins
  A quokka (D:3)
  A ball python (D:2)
  5 frilled lizards
  9 kobolds
  A quokka skeleton (D:3)
  7 rats
76 creatures vanquished.

Notes
Turn   | Place    | Note
-------+----------+-------------------------------------------
     0 | D:1      | Amnesiac the Mummy Wizard began the quest for the Orb.
     0 | D:1      | Reached XP level 1. HP: 13/13 MP: 5/5
    42 | D:1      | Reached skill level 1 in Conjurations
   149 | D:1      | Reached XP level 2. HP: 19/19 MP: 0/7
   191 | D:1      | Learned a level 2 spell: Call Imp
   194 | D:1      | Learned a level 2 spell: Blink
   831 | D:1      | Reached XP level 3. HP: 24/24 MP: 5/8
   836 | D:1      | Learned a level 3 spell: Mephitic Cloud
  1347 | D:2      | Found a snail-covered altar of Cheibriados.
  1870 | D:2      | Reached XP level 4. HP: 17/30 MP: 10/10
  2034 | D:2      | Learned a level 3 spell: Conjure Flame
  2096 | D:3      | HP: 1/30 [orc wizard/dagger (2)]
  3010 | D:3      | Reached XP level 5. HP: 17/35 MP: 11/11
  3156 | D:3      | Found a sparkling altar of Nemelex Xobeh.
  3585 | D:4      | Noticed an ogre
  3593 | D:4      | Slain by an ogre

Vault maps used:
D:1:      lightli_arrival_isolated_outpost
D:2:      kennysheep_slug_shrine, st_stairs_11
D:3:      old_standard_altar
D:4:      kennysheep_little_box, minmay_temple_entry_butterflies,
          minmay_misc_feat_five

Skill      XL: |  1  2  3  4 |
---------------+-------------+-----
Conjurations   | 1 2 3 |  3.5
Dodging        | 2 |  2.8
Stealth        | |  1.5
Spellcasting   | |  4.0
Summonings     | |  0.7
Translocations | |  0.7

Action                   |  1- 3 |  4- 6 || total
-------------------------+-------+-------++-------
Melee: Dagger            |    81 |    37 ||   118
 Fire: Arbalest          |       |     2 ||     2
Throw: Javelin           |     6 |       ||     6
 Cast: Magic Dart        |    45 |    37 ||    82
       Mephitic Cloud    |       |     6 ||     6
       Blink             |       |     1 ||     1
  Use: Scroll            |       |     5 ||     5
 Stab: Confused          |       |     1 ||     1
Armor: Robe              |    38 |     6 ||    44
Dodge: Dodged            |    80 |    28 ||   108

Table legend:
 A = Spawn XP
 B = Non-spawn XP
 C = Spawn XP percentage of total XP
 D = Spawn monster count
 E = Non-spawn monster count
 F = Spawn count percentage of total count
 G = Total turns spent on level
                    A         B        C        D         E        F      G
               +---------+---------+-------+---------+---------+-------+---------
         Total |       0 |     242 |   0.0 |       0 |      76 |   0.0 |  3593
               +---------+---------+-------+---------+---------+-------+---------
           D:1 |       0 |      45 |   0.0 |       0 |      28 |   0.0 |  1211
           D:2 |       0 |      93 |   0.0 |       0 |      23 |   0.0 |  1546
           D:3 |       0 |     104 |   0.0 |       0 |      25 |   0.0 |   828
               +---------+---------+-------+---------+---------+-------+---------
